 Dungeon Sprint DCSS version 0.22-a0 (webtiles) character file.

6 schets the Firebug (level 1, -4/10 HPs)
             Began as a Deep Elf Fire Elementalist on Dec 31, 2017.
             Shot with an arrow by a centaur (6 damage)
             ... in the Dungeon (Sprint IX: "|||||||||||||||||||||||||||||").
             The game lasted 00:01:00 (200 turns).

schets the Firebug (Deep Elf Fire Elementalist)      Turns: 200, Time: 00:01:00

Health: -4/10      AC:  2    Str:  5    XL:     1   Next: 75%
Magic:  4/7        EV: 13    Int: 19    God:
Gold:   0          SH:  0    Dex: 15    Spells: 6/7 levels left

rFire    . . .     SeeInvis .   j - +0 club
rCold    . . .     Gourm    .   (no shield)
rNeg     . . .     Faith    .   a - +0 robe
rPois    .         Spirit   .   (no helmet)
rElec    .         Reflect  .   (no cloak)
rCorr    .         Harm     .   (no gloves)
MR       .....     NoTele   +   (no boots)
Stlth    ++........             (no amulet)
HPRegen  0.03/turn              (no ring)
MPRegen  0.10/turn              (no ring)

@: very slightly contaminated
A: no striking features
a: no special abilities


You were in the Dungeon.
You were not hungry.

You visited 1 branch

Inventory:

Hand Weapons
 j - a +0 club (weapon)
Armour
 a - a +0 robe (worn)
Potions
 d - a potion of curing
 e - a potion of heal wounds
 f - a potion of haste
 g - 2 potions of magic
 h - a potion of berserk rage
Books
 b - a book of Flames

   Spells                             Type                      Level
   a - Flame Tongue                   Conjuration/Fire             1
   b - Throw Flame                    Conjuration/Fire             2
   c - Conjure Flame                  Conjuration/Fire             3
   d - Inner Flame                    Hexes/Fire                   3
   e - Sticky Flame                   Conjuration/Fire             4
   f - Fireball                       Conjuration/Fire             5
Comestibles
 c - a ration
 k - a chunk of flesh


   Skills:
 - Level 2.4 Dodging
 + Level 3.0 Stealth
 * Level 3.8 Spellcasting
 * Level 2.3 Conjurations
 * Level 3.9 Fire Magic


You had 6 spell levels left.
You knew the following spells:

 Your Spells              Type           Power        Failure   Level  Hunger
a - Flame Tongue          Conj/Fire      ###..        3%          1    None


Dungeon Overview and Level Annotations

Branches:
Dungeon (1/1)

Altars:


Message History

The crimson imp is lightly wounded.
The crimson imp shouts, "Return whence thou came, thou lily-hearted rude-growing bootlicker!"
The crimson imp blinks!
The crimson imp closely misses you.
You closely miss the crimson imp. The crimson imp hits you.
* * * LOW HITPOINT WARNING * * *
You hit the crimson imp but do no damage.
The crimson imp hits you.
* * * LOW HITPOINT WARNING * * *
The crimson imp hits you.
* * * LOW HITPOINT WARNING * * *
Blink to where?
Press: ? - help, Dir - move target cursor You are very lightly contaminated with residual magic.
As you read the scroll of blinking, it crumbles to dust.
There is an open door here.
The giant cockroach waves its antennae.
The crimson imp blinks!
The centaur wields a shortbow.
The centaur shoots an arrow.
The arrow hits you.
Ouch! That really hurt!
You die...

▓)▓
▓5▓
▓.▓
▓s▓
▓c▓
▓§▓
▓.▓
▓'▓
▓@▓
▓.▓
▓.▓
▓.▓
▓.▓
▓+▓


You could see a centaur, a crimson imp and a giant cockroach.

Vanquished Creatures
  A goblin (D)
  A hobgoblin (D)
  A jackal (D)
  A bat (D)
  A frilled lizard (D)
  A jackal zombie (D)
6 creatures vanquished.

Notes
Turn   | Place    | Note
-------+----------+-------------------------------------------
     0 | D        | schets the Deep Elf Fire Elementalist began the quest for the Orb.
     0 | D        | Reached XP level 1. HP: 10/10 MP: 6/6
   175 | D        | Noticed a crimson imp
   175 | D        | Noticed a crimson imp
   175 | D        | Noticed a centaur
   200 | D        | Shot with an arrow by a centaur

Vault maps used:
D:        linesprint

Skill      XL: |  1 |
---------------+----+-----
Conjurations   | 2 |  2.3
Stealth        | 3 |  3.0
Dodging        | |  2.4
Spellcasting   | |  3.8
Fire Magic     | |  3.9

Action                   || total
-------------------------++-------
Melee: Unarmed           ||    11
       Club              ||     8
 Cast: Flame Tongue      ||    11
  Use: Scroll            ||     1
Armor: Robe              ||     8
Dodge: Dodged            ||    30

Table legend:
 A = Spawn XP
 B = Non-spawn XP
 C = Spawn XP percentage of total XP
 D = Spawn monster count
 E = Non-spawn monster count
 F = Spawn count percentage of total count
 G = Total turns spent on level
                    A         B        C        D         E        F      G
               +---------+---------+-------+---------+---------+-------+---------
         Total |       0 |       9 |   0.0 |       0 |       6 |   0.0 |   200
               +---------+---------+-------+---------+---------+-------+---------
             D |       0 |       9 |   0.0 |       0 |       6 |   0.0 |   200
               +---------+---------+-------+---------+---------+-------+---------
